General information
			
			
        
        - name: BNet
 
        - type: Ladder team game (AT/RT)
 
        - host: Battle.net
 
        - saver: PistophChrstoph
 
        
map: LostTemple 
        - players: 4
 
        - length: 41:56
 
        - speed: Fast
 - version: 1.22 W3XP
 - replay type:  Public
 
» download(222 KB)
Players
        team 1 (loser) 
              
              
jG]ChUcK (
pink | 76 APM | 3177 actions | 41:54)
              
 6 Archmage 
 3 Summon Water Elemental
 2 Brilliance Aura
 1 Mass Teleport
 4 Mountain King 
 2 Storm Bolt
 2 Thunder Clap
 
                » actions 
                
                | Assign group hotkey | 57 |  | 
| Basic commands | 105 |  | 
| Build / train | 151 |  | 
| Enter build submenu | 62 |  | 
| Enter hero's abilities submenu | 10 |  | 
| Give item / drop item | 8 |  | 
| Remove unit from queue | 4 |  | 
| Right click | 1310 |  | 
| Select / deselect | 599 |  | 
| Select group hotkey | 712 |  | 
| Use ability | 159 |  | 
                3177 total
 » units 
                
                | Peasant | 31 |  | 
| Footman | 9 |  | 
| Spell Breaker | 7 |  | 
| Sorceress | 5 |  | 
| Gryphon Rider | 11 |  | 
| Goblin Zeppelin | 1 |  | 
| Dragonhawk Rider | 7 |  | 
                71 total
 » upgrades
                
                | Defend | 1 |  | 
| Masonry | 3 |  | 
| Sorceress Training | 2 |  | 
| Lumber Harvesting | 2 |  | 
| Control Magic | 0 |  | 
| Magic Sentry | 1 |  | 
| Storm Hammers | 1 |  | 
| Armor | 1 |  | 
| Swords | 1 |  | 
                12 total
 » buildings
                
                | Altar of Kings | 1 |  | 
| Farm | 11 |  | 
| Barracks | 1 |  | 
| Arcane Vault | 1 |  | 
| Scout Tower | 39 |  | 
| Arcane Tower | 3 |  | 
| Lumber Mill | 2 |  | 
| Town Hall | 1 |  | 
| Guard Tower | 35 |  | 
| Keep | 1 |  | 
| Arcane Sanctum | 1 |  | 
| Castle | 1 |  | 
| Blacksmith | 1 |  | 
| Gryphon Aviary | 2 |  | 
| Workshop | 1 |  | 
                101 total
 » build order
                00:09 Altar of Kings
00:23 Farm
00:24 Barracks
01:01 Farm
01:44 Farm
02:01 Arcane Vault
03:39 Scout Tower
03:45 Scout Tower
04:01 Arcane Tower
04:17 Scout Tower
04:33 Arcane Tower
05:01 Lumber Mill
05:38 Scout Tower
05:41 Arcane Tower
06:03 Town Hall
06:31 Scout Tower
06:32 Guard Tower
06:56 Scout Tower
07:01 Scout Tower
07:11 Guard Tower
07:29 Guard Tower
07:37 Farm
07:39 Farm
07:40 Farm
08:47 Keep
09:13 Guard Tower
09:13 Guard Tower
09:16 Guard Tower
10:21 Scout Tower
10:30 Scout Tower
10:33 Scout Tower
10:38 Scout Tower
11:01 Scout Tower
11:06 Scout Tower
11:18 Arcane Sanctum
11:52 Farm
12:35 Guard Tower
12:36 Guard Tower
13:06 Guard Tower
13:25 Scout Tower
13:26 Scout Tower
13:29 Scout Tower
13:31 Scout Tower
13:33 Scout Tower
13:55 Guard Tower
13:55 Guard Tower
14:11 Castle
14:16 Blacksmith
14:25 Scout Tower
14:27 Scout Tower
14:44 Guard Tower
15:19 Guard Tower
15:20 Guard Tower
15:20 Guard Tower
15:22 Scout Tower
15:24 Scout Tower
15:30 Guard Tower
15:30 Guard Tower
15:32 Guard Tower
15:34 Scout Tower
15:35 Scout Tower
15:39 Scout Tower
16:27 Scout Tower
16:29 Scout Tower
16:47 Guard Tower
16:54 Scout Tower
16:54 Guard Tower
17:10 Gryphon Aviary
17:14 Gryphon Aviary
17:26 Scout Tower
17:28 Scout Tower
17:40 Guard Tower
17:40 Guard Tower
17:42 Scout Tower
17:44 Scout Tower
17:47 Scout Tower
17:50 Guard Tower
17:51 Guard Tower
18:00 Farm
18:05 Lumber Mill
18:09 Scout Tower
18:10 Scout Tower
18:15 Scout Tower
18:16 Scout Tower
18:43 Guard Tower
19:27 Guard Tower
19:28 Guard Tower
19:38 Guard Tower
19:39 Scout Tower
19:41 Scout Tower
20:08 Guard Tower
20:10 Guard Tower
20:18 Farm
20:20 Farm
20:41 Guard Tower
20:41 Guard Tower
24:10 Guard Tower
24:12 Guard Tower
24:14 Guard Tower
24:54 Guard Tower
27:51 Farm
28:48 Workshop
» items
                
                | Dust of Appearance | 1 |  | 
| Potion of Lesser Invulnerability | 1 |  | 
| Scroll of Healing | 1 |  | 
| Scroll of Protection | 1 |  | 
| Scroll of Town Portal | 2 |  | 
| Potion of Healing | 2 |  | 
| Potion of Mana | 1 |  | 
                9 total
  
               
              
              
wT.Jerelari (
yellow | 93 APM | 3897 actions | 41:49)
              
 7 Archmage 
 2 Summon Water Elemental
 2 Brilliance Aura
 2 Blizzard
 1 Mass Teleport
 
                » actions 
                
                | Assign group hotkey | 128 |  | 
| Basic commands | 125 |  | 
| Build / train | 244 |  | 
| ESC pressed | 40 |  | 
| Enter build submenu | 114 |  | 
| Enter hero's abilities submenu | 7 |  | 
| Give item / drop item | 6 |  | 
| Right click | 1993 |  | 
| Select / deselect | 607 |  | 
| Select group hotkey | 379 |  | 
| Use ability | 254 |  | 
                3897 total
 » units 
                
                | Peasant | 38 |  | 
| Footman | 6 |  | 
| Dragonhawk Rider | 32 |  | 
| Goblin Zeppelin | 2 |  | 
| Gryphon Rider | 5 |  | 
| Flying Machine | 19 |  | 
| Mortar Team | 10 |  | 
                112 total
 » upgrades
                
                | Defend | 1 |  | 
| Masonry | 3 |  | 
| Lumber Harvesting | 2 |  | 
| Magic Sentry | 1 |  | 
| Cloud | 1 |  | 
| Storm Hammers | 1 |  | 
| Swords | 2 |  | 
| Armor | 2 |  | 
| Plating | 2 |  | 
| Gunpowder | 1 |  | 
| Fragmentation Shards | 1 |  | 
| Flak Cannons | 1 |  | 
| Flying Machine Bombs | 1 |  | 
| Flare | 1 |  | 
| Barrage | 1 |  | 
                21 total
 » buildings
                
                | Altar of Kings | 1 |  | 
| Barracks | 1 |  | 
| Farm | 10 |  | 
| Scout Tower | 76 |  | 
| Arcane Tower | 2 |  | 
| Lumber Mill | 1 |  | 
| Town Hall | 3 |  | 
| Guard Tower | 55 |  | 
| Keep | 3 |  | 
| Arcane Vault | 2 |  | 
| Castle | 3 |  | 
| Arcane Sanctum | 1 |  | 
| Gryphon Aviary | 4 |  | 
| Blacksmith | 1 |  | 
| Workshop | 2 |  | 
                165 total
 » build order
                00:10 Altar of Kings
00:30 Barracks
00:48 Farm
01:05 Farm
01:50 Farm
02:18 Scout Tower
02:58 Arcane Tower
03:05 Lumber Mill
03:50 Scout Tower
04:14 Town Hall
04:31 Arcane Tower
04:44 Scout Tower
05:36 Scout Tower
06:00 Scout Tower
06:02 Scout Tower
06:04 Scout Tower
06:07 Scout Tower
06:16 Guard Tower
06:46 Guard Tower
07:04 Scout Tower
07:05 Guard Tower
07:05 Guard Tower
08:48 Keep
08:54 Scout Tower
09:06 Guard Tower
09:11 Arcane Vault
09:18 Arcane Vault
09:20 Scout Tower
09:20 Scout Tower
09:21 Scout Tower
09:34 Guard Tower
09:57 Guard Tower
10:01 Farm
10:01 Farm
10:02 Farm
10:50 Scout Tower
11:00 Scout Tower
11:01 Scout Tower
11:02 Scout Tower
11:02 Scout Tower
11:11 Scout Tower
11:12 Scout Tower
11:12 Scout Tower
11:13 Scout Tower
11:14 Scout Tower
11:30 Guard Tower
11:33 Castle
11:47 Guard Tower
11:50 Scout Tower
11:52 Scout Tower
11:53 Scout Tower
11:54 Scout Tower
12:16 Guard Tower
12:17 Scout Tower
12:17 Scout Tower
12:18 Scout Tower
12:18 Scout Tower
12:23 Guard Tower
12:25 Scout Tower
12:25 Scout Tower
12:26 Scout Tower
12:26 Scout Tower
12:28 Guard Tower
12:31 Arcane Sanctum
12:37 Scout Tower
12:52 Guard Tower
12:52 Guard Tower
13:04 Scout Tower
13:05 Scout Tower
13:05 Scout Tower
13:06 Guard Tower
13:07 Guard Tower
13:10 Scout Tower
13:29 Guard Tower
13:31 Scout Tower
13:40 Scout Tower
13:42 Guard Tower
13:43 Guard Tower
14:08 Guard Tower
14:28 Guard Tower
15:07 Guard Tower
15:08 Guard Tower
15:08 Guard Tower
15:08 Guard Tower
15:09 Guard Tower
15:10 Guard Tower
15:10 Guard Tower
15:16 Gryphon Aviary
15:17 Gryphon Aviary
15:19 Gryphon Aviary
15:20 Gryphon Aviary
15:22 Blacksmith
15:33 Scout Tower
15:34 Scout Tower
15:34 Scout Tower
15:35 Scout Tower
15:52 Town Hall
16:27 Guard Tower
16:28 Guard Tower
16:29 Scout Tower
16:30 Scout Tower
16:31 Scout Tower
17:03 Guard Tower
17:57 Scout Tower
18:16 Scout Tower
18:17 Scout Tower
18:31 Scout Tower
18:32 Guard Tower
18:32 Guard Tower
20:30 Scout Tower
20:49 Guard Tower
21:32 Town Hall
22:36 Scout Tower
22:37 Scout Tower
22:56 Farm
22:57 Farm
22:58 Farm
23:01 Farm
23:10 Guard Tower
23:11 Scout Tower
23:11 Scout Tower
23:12 Scout Tower
23:16 Scout Tower
23:55 Guard Tower
24:20 Workshop
24:22 Workshop
24:32 Scout Tower
24:34 Scout Tower
24:34 Scout Tower
24:35 Scout Tower
25:14 Guard Tower
27:23 Scout Tower
27:24 Scout Tower
27:25 Scout Tower
28:11 Guard Tower
28:14 Scout Tower
28:14 Scout Tower
28:15 Scout Tower
29:07 Guard Tower
29:35 Scout Tower
29:36 Scout Tower
29:37 Scout Tower
29:38 Scout Tower
33:51 Scout Tower
34:23 Guard Tower
34:25 Scout Tower
35:09 Guard Tower
» items
                
                | Potion of Invisibility | 2 |  | 
| Tome of Retraining | 1 |  | 
| Staff of Teleportation | 1 |  | 
| Potion of Lesser Invulnerability | 3 |  | 
| Boots of Speed | 2 |  | 
| Scroll of Regeneration | 6 |  | 
| Lesser Clarity Potion | 6 |  | 
| Mechanical Critter | 2 |  | 
| Scroll of Town Portal | 1 |  | 
| Scroll of Healing | 1 |  | 
| Ivory Tower | 5 |  | 
| Potion of Healing | 2 |  | 
                32 total
  
               team 2 (winner) 
              
              
PistophChrstoph (
blue | 60 APM | 2516 actions | 41:56)
              
 8 Mountain King 
 3 Storm Bolt
 3 Bash
 1 Avatar
 1 Thunder Clap
 7 Paladin 
 3 Holy Light
 3 Divine Shield
 1 Resurrection
 
                » actions 
                
                | Assign group hotkey | 41 |  | 
| Basic commands | 659 |  | 
| Build / train | 125 |  | 
| ESC pressed | 12 |  | 
| Enter build submenu | 41 |  | 
| Enter hero's abilities submenu | 15 |  | 
| Give item / drop item | 1 |  | 
| Right click | 603 |  | 
| Select / deselect | 657 |  | 
| Select group hotkey | 189 |  | 
| Use ability | 173 |  | 
                2516 total
 » units 
                
                | Peasant | 22 |  | 
| Mortar Team | 17 |  | 
| Siege Engine | 11 |  | 
                50 total
 » upgrades
                
                | Masonry | 3 |  | 
| Lumber Harvesting | 2 |  | 
| Flare | 1 |  | 
| Magic Sentry | 1 |  | 
| Sorceress Training | 1 |  | 
| Fragmentation Shards | 1 |  | 
| Barrage | 1 |  | 
| Gunpowder | 3 |  | 
| Plating | 3 |  | 
| Armor | 2 |  | 
                18 total
 » buildings
                
                | Farm | 9 |  | 
| Altar of Kings | 1 |  | 
| Lumber Mill | 1 |  | 
| Scout Tower | 38 |  | 
| Arcane Tower | 2 |  | 
| Guard Tower | 28 |  | 
| Arcane Vault | 1 |  | 
| Keep | 1 |  | 
| Blacksmith | 1 |  | 
| Workshop | 2 |  | 
| Arcane Sanctum | 1 |  | 
| Castle | 1 |  | 
| Town Hall | 1 |  | 
| Gryphon Aviary | 1 |  | 
                88 total
 » build order
                00:13 Farm
00:20 Altar of Kings
00:44 Lumber Mill
01:21 Scout Tower
01:24 Scout Tower
01:29 Scout Tower
01:36 Farm
01:56 Arcane Tower
02:04 Arcane Tower
02:21 Scout Tower
02:25 Guard Tower
02:41 Scout Tower
02:42 Scout Tower
02:43 Scout Tower
02:55 Guard Tower
03:23 Guard Tower
03:26 Scout Tower
03:43 Guard Tower
04:01 Farm
04:08 Arcane Vault
04:14 Guard Tower
04:45 Keep
05:53 Farm
06:03 Scout Tower
06:14 Blacksmith
06:18 Scout Tower
06:21 Scout Tower
06:27 Scout Tower
06:46 Guard Tower
06:51 Guard Tower
06:56 Scout Tower
06:58 Scout Tower
06:59 Scout Tower
07:59 Guard Tower
08:19 Guard Tower
09:08 Workshop
09:10 Workshop
09:23 Arcane Sanctum
10:03 Castle
11:11 Scout Tower
12:05 Guard Tower
13:06 Town Hall
13:10 Scout Tower
13:11 Scout Tower
13:13 Scout Tower
13:14 Scout Tower
13:17 Scout Tower
13:18 Scout Tower
13:19 Scout Tower
13:42 Guard Tower
13:49 Guard Tower
14:10 Guard Tower
14:15 Guard Tower
14:19 Farm
14:21 Farm
14:42 Guard Tower
14:45 Scout Tower
14:47 Scout Tower
14:52 Scout Tower
14:53 Scout Tower
14:56 Scout Tower
14:58 Scout Tower
15:08 Scout Tower
15:09 Scout Tower
15:11 Scout Tower
15:14 Scout Tower
15:15 Scout Tower
15:59 Guard Tower
16:25 Gryphon Aviary
16:30 Guard Tower
16:54 Guard Tower
17:00 Guard Tower
17:38 Guard Tower
17:59 Guard Tower
18:01 Guard Tower
18:04 Guard Tower
18:18 Guard Tower
19:01 Guard Tower
19:13 Farm
19:25 Scout Tower
19:26 Scout Tower
20:17 Guard Tower
20:18 Scout Tower
20:19 Scout Tower
20:32 Guard Tower
23:10 Guard Tower
24:56 Farm
24:57 Farm
» items
                
                | Lesser Clarity Potion | 1 |  | 
| Scroll of Regeneration | 1 |  | 
| Scroll of Town Portal | 4 |  | 
| Orb of Fire | 2 |  | 
                8 total
  
               
              
              
SyLink (
purple | 75 APM | 3150 actions | 41:55)
              
 6 Archmage 
 3 Blizzard
 2 Brilliance Aura
 1 Mass Teleport
 5 Mountain King 
 3 Storm Bolt
 2 Bash
 
                » actions 
                
                | Assign group hotkey | 27 |  | 
| Basic commands | 103 |  | 
| Build / train | 109 |  | 
| ESC pressed | 3 |  | 
| Enter build submenu | 69 |  | 
| Enter hero's abilities submenu | 11 |  | 
| Remove unit from queue | 2 |  | 
| Right click | 1077 |  | 
| Select / deselect | 553 |  | 
| Select group hotkey | 948 |  | 
| Use ability | 248 |  | 
                3150 total
 » units 
                
                | Peasant | 14 |  | 
| Mortar Team | 5 |  | 
| Dragonhawk Rider | 14 |  | 
| Goblin Zeppelin | 2 |  | 
| Priest | 2 |  | 
| Gryphon Rider | 5 |  | 
                42 total
 » upgrades
                
                | Masonry | 3 |  | 
| Flare | 1 |  | 
| Armor | 3 |  | 
| Lumber Harvesting | 2 |  | 
| Magic Sentry | 1 |  | 
| Swords | 3 |  | 
| Cloud | 1 |  | 
| Plating | 0 |  | 
| Animal War Training | 1 |  | 
| Storm Hammers | 1 |  | 
                16 total
 » buildings
                
                | Altar of Kings | 1 |  | 
| Farm | 10 |  | 
| Lumber Mill | 1 |  | 
| Scout Tower | 53 |  | 
| Arcane Tower | 1 |  | 
| Guard Tower | 21 |  | 
| Keep | 1 |  | 
| Blacksmith | 1 |  | 
| Arcane Vault | 1 |  | 
| Workshop | 2 |  | 
| Town Hall | 3 |  | 
| Arcane Sanctum | 1 |  | 
| Castle | 1 |  | 
| Gryphon Aviary | 2 |  | 
| Barracks | 1 |  | 
                100 total
 » build order
                00:03 Altar of Kings
00:06 Farm
00:34 Lumber Mill
00:46 Scout Tower
01:15 Farm
01:18 Scout Tower
01:23 Arcane Tower
01:48 Scout Tower
02:08 Guard Tower
02:15 Guard Tower
02:16 Scout Tower
03:09 Guard Tower
03:10 Scout Tower
03:13 Scout Tower
03:39 Keep
04:02 Guard Tower
04:09 Blacksmith
04:50 Scout Tower
04:50 Scout Tower
04:51 Scout Tower
04:53 Scout Tower
04:54 Scout Tower
04:54 Scout Tower
05:09 Farm
05:39 Arcane Vault
05:42 Guard Tower
06:02 Workshop
06:08 Workshop
06:17 Farm
06:20 Guard Tower
07:51 Scout Tower
07:53 Scout Tower
07:54 Scout Tower
08:01 Scout Tower
08:23 Farm
09:02 Scout Tower
09:05 Scout Tower
09:06 Scout Tower
09:08 Scout Tower
10:00 Guard Tower
10:01 Scout Tower
10:02 Scout Tower
10:03 Scout Tower
10:04 Scout Tower
10:31 Guard Tower
10:49 Guard Tower
11:39 Town Hall
12:57 Arcane Sanctum
15:17 Castle
15:20 Farm
15:41 Gryphon Aviary
18:39 Scout Tower
18:40 Scout Tower
18:50 Gryphon Aviary
19:10 Guard Tower
19:11 Scout Tower
19:12 Scout Tower
19:25 Farm
19:41 Guard Tower
19:46 Scout Tower
19:48 Scout Tower
20:02 Farm
20:27 Farm
20:56 Guard Tower
21:15 Farm
23:08 Town Hall
24:34 Barracks
24:49 Scout Tower
24:50 Scout Tower
26:51 Scout Tower
26:52 Scout Tower
27:34 Guard Tower
27:36 Scout Tower
27:37 Scout Tower
28:17 Scout Tower
28:17 Scout Tower
28:20 Guard Tower
28:22 Scout Tower
28:22 Scout Tower
28:55 Guard Tower
29:22 Guard Tower
29:25 Scout Tower
29:26 Scout Tower
29:40 Guard Tower
30:37 Guard Tower
30:39 Scout Tower
30:39 Scout Tower
30:40 Scout Tower
30:41 Scout Tower
32:51 Guard Tower
32:56 Scout Tower
32:56 Scout Tower
32:58 Scout Tower
32:58 Scout Tower
34:24 Guard Tower
34:27 Scout Tower
34:28 Scout Tower
34:29 Scout Tower
34:42 Town Hall
35:03 Guard Tower
» items
                
                | Scroll of Regeneration | 4 |  | 
| Lesser Clarity Potion | 1 |  | 
| Scroll of Town Portal | 3 |  | 
| Potion of Healing | 2 |  | 
| Orb of Fire | 1 |  | 
| Staff of Sanctuary | 1 |  | 
                12 total
  
                Chat log
          (00:08 / Allies) PistophChrstoph: this might be a bit harder
(00:09 / Allies) SyLink: this should be
(00:10 / Allies) SyLink: gay
(00:29 / Allies) SyLink: hopefully we have 4 mks
(00:35 / Allies) PistophChrstoph: cluster fuck
(00:36 / Allies) PistophChrstoph: lol
(00:37 / Allies) PistophChrstoph: haha
(00:43 / Allies) SyLink: getting am anyway
(00:47 / Allies) PistophChrstoph: oh god
(00:48 / Allies) PistophChrstoph: lol
(00:59 / Allies) SyLink: am is like gambling
(01:00 / Allies) PistophChrstoph: yea i guess only mk
(01:01 / Allies) PistophChrstoph: is bad
(01:02 / Allies) PistophChrstoph: yep
(01:13 / Allies) PistophChrstoph: nah its fine vs hu
(01:35 / Allies) SyLink: predicting a lot of mortar
(01:39 / Allies) PistophChrstoph: uh yes
(01:42 / Allies) PistophChrstoph: going to need it too
(01:49 / Allies) SyLink: and hakw
(01:50 / Allies) SyLink: getting hawk
(01:52 / Allies) PistophChrstoph: yes
(01:52 / Allies) PistophChrstoph: plz
(02:00 / Allies) SyLink: militia scouted me
(02:05 / Allies) PistophChrstoph: lolz
(02:07 / Allies) PistophChrstoph: that means nothing
(02:11 / Allies) PistophChrstoph: oh boy thats hu
(02:24 / Allies) SyLink: hope they tower rush
(02:29 / Allies) SyLink: hahaha
(02:33 / Allies) PistophChrstoph: mirror
(02:34 / Allies) PistophChrstoph: hahaha
(02:39 / Allies) SyLink: no tower
(02:58 / Allies) SyLink: owned
(03:03 / Allies) SyLink: got emmm
(03:10 / All) wT.Jerelari: you guys really want a 2 hour long game?
(03:18 / Allies) PistophChrstoph: its like creeping
(03:18 / All) SyLink: you can leave
(03:23 / All) wT.Jerelari: nah im patient man
(03:35 / All) SyLink: sorry i play ten hour games on high perch you mean nothing
(04:05 / Allies) SyLink: am teching
(04:11 / Allies) PistophChrstoph: yea i need to soon
(04:22 / Allies) PistophChrstoph: i will be as soon as i get the cash now
(04:28 / Allies) PistophChrstoph: hahahahah
(04:31 / Allies) SyLink: rofl
(04:37 / Allies) PistophChrstoph: yellow went foots also
(04:57 / Allies) SyLink: defend would be bad
(04:58 / Allies) PistophChrstoph: help me creep this
(04:59 / Allies) PistophChrstoph: yea
(05:07 / Allies) PistophChrstoph: thats why i got magic towers too
(05:17 / Allies) SyLink: pink kind of bad
(05:20 / Allies) SyLink: and not tecdhing yet
(05:25 / Allies) PistophChrstoph: yea
(05:26 / Allies) PistophChrstoph: we fine
(05:27 / Allies) SyLink: what hero does yelo whave
(05:30 / Allies) PistophChrstoph: dunno
(05:35 / Allies) PistophChrstoph: i need heals
(05:42 / Allies) PistophChrstoph: you should get paly 3rd
(05:46 / Allies) PistophChrstoph: double mage and paly
(05:51 / Allies) SyLink: no tavern
(05:52 / Allies) SyLink: sucks
(06:10 / Allies) SyLink: making factory
(06:15 / Allies) PistophChrstoph: k
(06:37 / Allies) SyLink: should expo
(06:42 / Allies) PistophChrstoph: lets go
(07:06 / Allies) PistophChrstoph: get healer
(07:48 / Allies) SyLink: two ams
(07:55 / Allies) PistophChrstoph: that could be bad
(08:04 / Allies) SyLink: BS
(08:13 / Allies) SyLink: are you shitting me
(08:17 / Allies) SyLink: guy gets here
(08:19 / Allies) SyLink: right as i build
(08:47 / Allies) SyLink: lmao is he serious
(08:50 / Allies) PistophChrstoph: how did he get in?
(08:54 / Allies) SyLink: walked
(09:00 / Allies) PistophChrstoph: really?
(09:03 / Allies) SyLink: yes
(09:12 / Allies) SyLink: hitting
(09:14 / Allies) PistophChrstoph: with a spell?
(09:20 / Allies) SyLink: no
(09:21 / Allies) SyLink: like walked
(09:24 / Allies) PistophChrstoph: hahaha
(09:38 / Allies) PistophChrstoph: coming
(09:40 / Allies) PistophChrstoph: for supports
(09:41 / Allies) PistophChrstoph: behind you
(09:50 / Allies) SyLink: are you kididng
(09:52 / Allies) SyLink: guy was there
(09:54 / Allies) SyLink: instantly
(10:11 / Allies) PistophChrstoph: get a tp lets go
(10:15 / Allies) SyLink: no gold
(10:17 / Allies) SyLink: expanding
(10:20 / Allies) SyLink: more important
(10:33 / Allies) PistophChrstoph: true
(10:40 / Allies) PistophChrstoph: i should expo
(11:02 / Allies) SyLink: should get tanks idk
(11:09 / Allies) SyLink: they just expanding everywhere
(11:12 / Allies) PistophChrstoph: shit
(13:13 / Allies) SyLink: he is level 5
(13:14 / Allies) SyLink: gfg
(13:22 / Allies) PistophChrstoph: shit
(13:25 / Allies) SyLink: can we quit
(13:26 / Allies) SyLink: this sucks
(13:28 / Allies) PistophChrstoph: nah
(13:40 / Allies) PistophChrstoph: fuck we cant get tavern heros
(13:41 / Allies) SyLink: tey are goingt to mass tp us to death
(13:54 / Allies) PistophChrstoph: so we destroy them
(14:05 / Allies) PistophChrstoph: get an army that you yourself can take on aything
(14:07 / Allies) PistophChrstoph: like taanks and morts
(15:29 / Allies) SyLink: breakers they have
(15:52 / Allies) PistophChrstoph: so dont go casters
(15:53 / Allies) PistophChrstoph: lol
(15:56 / Allies) SyLink: you should get gryphs
(16:13 / Allies) PistophChrstoph: he has anti magic with breakers though
(16:20 / Allies) PistophChrstoph: but i could target his am
(16:23 / Allies) SyLink: W/E
(16:29 / Allies) SyLink: this is boring
(16:35 / Allies) PistophChrstoph: nah
(16:39 / Allies) PistophChrstoph: you go hawks then
(16:41 / Allies) PistophChrstoph: ill gryph
(16:47 / Allies) PistophChrstoph: i need wood though
(16:48 / Allies) PistophChrstoph: plz
(17:19 / Allies) PistophChrstoph: hahah
(17:25 / Allies) PistophChrstoph: hawks
(17:33 / Allies) PistophChrstoph: going tanks fuck it
(17:43 / Allies) PistophChrstoph: need wood still
(17:51 / Allies) SyLink: got none 
(17:53 / Allies) PistophChrstoph: shit
(18:31 / Allies) PistophChrstoph: im going over so i can attack
(18:35 / Allies) SyLink: they massing air
(18:40 / Allies) PistophChrstoph: yep so mass tanks
(18:44 / Allies) PistophChrstoph: he has no morts
(18:45 / Allies) SyLink: getitng hawk
(18:46 / Allies) SyLink: actually
(18:50 / Allies) PistophChrstoph: ok
(19:33 / Allies) SyLink: needs more upgrades
(19:36 / Allies) PistophChrstoph: i am
(19:37 / Allies) PistophChrstoph: i know
(19:38 / Allies) PistophChrstoph: i had no wood
(19:39 / Allies) PistophChrstoph: lol
(20:12 / Allies) PistophChrstoph: hitting now
(20:39 / Allies) SyLink: gl
(20:45 / Allies) SyLink: armor 3 human towers
(20:47 / Allies) SyLink: this will take days
(21:44 / Allies) SyLink: am is weak
(22:24 / Allies) SyLink: owned 
(22:25 / Allies) SyLink: pinks
(22:26 / Allies) SyLink: shit
(22:31 / Allies) PistophChrstoph: theese guys suck
(22:32 / Allies) PistophChrstoph: man
(22:32 / Allies) SyLink: over water
(22:37 / Allies) SyLink: pink lost
(22:38 / Allies) SyLink: zepp
(22:40 / Allies) SyLink: full of heroes
(22:42 / Allies) PistophChrstoph: what were you afraid of
(22:43 / Allies) PistophChrstoph: hahahaha
(22:44 / Allies) PistophChrstoph: really?
(22:49 / Allies) SyLink: yes
(22:54 / Allies) PistophChrstoph: they got cocky
(22:57 / Allies) PistophChrstoph: now i go with tanks
(23:21 / Allies) PistophChrstoph: resume the siege
(24:05 / Allies) SyLink: thats a lot of hawks
(24:12 / Allies) SyLink: roflmaooo
(24:19 / Allies) PistophChrstoph: and dead
(24:31 / Allies) PistophChrstoph: never ends
(24:55 / Allies) SyLink: pink zep episode greatest thing
(24:56 / Allies) SyLink: ever
(25:07 / Allies) SyLink: should
(25:07 / Allies) SyLink: take
(25:10 / Allies) SyLink: or destroy
(25:50 / Allies) PistophChrstoph: who needs to creep
(25:58 / Allies) SyLink: going to take bottom right soon
(26:32 / Allies) SyLink: rofl
(26:54 / Allies) SyLink: the suck
(26:55 / Allies) PistophChrstoph: hahahaha
(27:03 / Allies) PistophChrstoph: hahaha
(27:15 / Allies) PistophChrstoph: this is going to rule
(27:16 / Allies) PistophChrstoph: im lvl5
(27:17 / Allies) PistophChrstoph: ahahhah
(27:41 / Allies) SyLink: can you hit that
(27:44 / Allies) PistophChrstoph: not easily
(27:49 / Allies) PistophChrstoph: i can hit yellow again
(27:53 / Allies) PistophChrstoph: then you should get it
(27:59 / Allies) SyLink: i have 9 hawk
(28:03 / Allies) PistophChrstoph: go over limit
(28:05 / Allies) SyLink: and infernal stone
(28:06 / Allies) PistophChrstoph: going to have to for this gam
(28:11 / Allies) SyLink: not going into high just yet
(28:16 / Allies) PistophChrstoph: well not high
(28:18 / Allies) PistophChrstoph: but low
(28:24 / Allies) SyLink: 78 food right now
(28:32 / Allies) PistophChrstoph: they switched
(28:38 / Allies) PistophChrstoph: this
(28:41 / Allies) SyLink: gyros lol
(29:03 / Allies) PistophChrstoph: hahahahah
(29:04 / Allies) PistophChrstoph: nice
(29:08 / Allies) PistophChrstoph: im almost lvl6
(29:26 / Allies) PistophChrstoph: im in no upkeep
(29:35 / Allies) SyLink: this is best game
(29:36 / Allies) SyLink: ever
(29:37 / Allies) PistophChrstoph: yep
(29:41 / Allies) PistophChrstoph: i cant believe how bad they are
(29:49 / Allies) SyLink: if they got 6
(29:53 / Allies) SyLink: they could win by running around
(29:59 / Allies) PistophChrstoph: but even so i dont think they do that
(30:10 / Allies) SyLink: we could push together
(30:12 / Allies) PistophChrstoph: ok
(30:15 / Allies) SyLink: company
(30:25 / Allies) PistophChrstoph: looks like the fight comes to us
(30:30 / Allies) PistophChrstoph: come get this
(30:32 / Allies) SyLink: will tp
(30:44 / Allies) SyLink: pushing
(30:57 / Allies) PistophChrstoph: go
(31:05 / Allies) PistophChrstoph: going
(31:20 / Allies) PistophChrstoph: oh nos
(31:23 / Allies) SyLink: tp
(32:23 / Allies) SyLink: nuke am
(32:44 / Allies) PistophChrstoph: laffo
(32:58 / Allies) PistophChrstoph: hit and move
(33:06 / Allies) SyLink: lost everything
(33:07 / Allies) SyLink: basiclaly
(33:09 / Allies) PistophChrstoph: come
(33:12 / Allies) SyLink: i have 2 hawk
(33:18 / Allies) PistophChrstoph: thats more than they ave
(34:03 / Allies) SyLink: getting grypho
(34:57 / Allies) PistophChrstoph: hahah
(35:00 / Allies) SyLink: laffo
(35:16 / Allies) PistophChrstoph: i approve
(35:20 / Allies) PistophChrstoph: send me some gold plz
(35:24 / Allies) SyLink: just realized im making nothing
(35:29 / Allies) PistophChrstoph: fuck
(35:31 / Allies) SyLink: they hitting this again
(35:36 / Allies) PistophChrstoph: k
(35:50 / Allies) PistophChrstoph: i cant stop it
(35:52 / Allies) SyLink: get there
(35:56 / Allies) PistophChrstoph: o wait i can
(36:36 / Allies) SyLink: pumping gyrph
(36:43 / Allies) SyLink: just nuke mort
(37:04 / Allies) PistophChrstoph: push
(37:51 / Allies) SyLink: laffo
(38:04 / Allies) SyLink: phone
(40:03 / Allies) PistophChrstoph: hahahah
(40:39 / All) SyLink: lmao
(40:43 / All) PistophChrstoph: GET OUT YOU n00bs
(41:26 / All) SyLink: gg
(41:44 / All) wT.Jerelari: it was more of a waste of time really
(41:47 / All) wT.Jerelari: but oh well
(41:48 / All) SyLink: bye
(41:54 / Allies) PistophChrstoph: l;vl8?